 Dungeon Crawl Stone Soup version 0.25-a0-346-g140ab784a8 (webtiles) character file.

Game seed: 8621352911712177130, levelgen mode: deterministic

7190 Conn the Magician (level 11, -2/74 HPs)
             Began as an Octopode Wizard on Dec 31, 2019.
             Was a High Priest of Sif Muna.
             Slain by a gnoll sergeant
             ... wielding a +0 spear
              (6 damage)
             ... on level 10 of the Dungeon.
             The game lasted 00:53:18 (12891 turns).

Conn the Magician (Octopode Wizard)                Turns: 12891, Time: 00:53:18

Health: -2/74      AC:  4    Str:  8    XL:     11   Next: 11%
Magic:  0/22       EV: 12    Int: 23    God:    Sif Muna [*****.]
Gold:   146        SH:  9    Dex: 11    Spells: 8/24 levels left

rFire    . . .     SeeInvis +   n - +4 falchion "Gisucy" {elec, Dex+3}
rCold    . . .     Gourm    .   w - +2 shield {rPois}
rNeg     + . .     Faith    .   a - +0 hat
rPois    +         Spirit   +   m - amulet of guardian spirit
rElec    .         Reflect  .   (no ring)
rCorr    .         Harm     .   f - ring of flight
MR       .....                  o - +3 ring of protection
Stlth    ++++......             j - ring of Seepteif {+Fly rPois}
HPRegen  0.22/turn              p - ring of positive energy
MPRegen  0.18/turn              (no ring)
                                (no ring)
                                (no ring)

@: studying 2 skills
A: almost no armour, stealthy swim, amphibious, 8 rings, constrict 8, tentacle
spike 1, camouflage 1, see invisible, clumsy 1, gelatinous body 1
a: Channel Magic, Forget Spell, Divine Exegesis, Renounce Religion, Evoke Flight


You were on level 10 of the Dungeon.
You worshipped Sif Muna.
Sif Muna was extremely pleased with you.
You were hungry.

You visited 2 branches of the dungeon, and saw 11 of its levels.

You collected 405 gold pieces.
You spent 259 gold pieces at shops.

Inventory:

Hand Weapons
 i - a +2 spear of electrocution
 l - a +0 short sword of speed
 n - the +4 falchion "Gisucy" (weapon) {elec, Dex+3}
   (You found it on level 5 of the Dungeon)

   Occasionally, upon striking a foe, it will discharge some electrical energy
   and cause terrible harm.
   It affects your dexterity (+3).
Missiles
 d - 10 poisoned darts (quivered)
 h - 19 boomerangs
 r - 4 throwing nets
 z - 8 javelins
Armour
 a - a +0 hat (worn)
 w - a +2 shield of poison resistance (worn)
Jewellery
 f - a ring of flight (right tentacle)
 j - the ring of Seepteif (on tentacle) {+Fly rPois}
   (You found it on level 6 of the Dungeon)

   [ring of flight]

   It protects you from poison.
   It lets you fly.
 m - an amulet of guardian spirit (around mantle)
 o - a +3 ring of protection (on tentacle)
 p - a ring of positive energy (on tentacle)
 G - an uncursed amulet of faith {unknown}
Wands
 s - a wand of enslavement (4)
 t - a wand of flame (16)
 y - a wand of acid (10)
Scrolls
 e - 4 scrolls of identify
 q - 3 scrolls of teleportation
 u - a scroll of remove curse
 C - a scroll of fog {unknown}
 F - a scroll of amnesia
Potions
 b - 2 potions of mutation
 v - a potion of brilliance
 x - a potion of agility
 B - 2 potions of curing
 D - a potion of flight
 H - 2 potions of might
Books
 k - a manual of Invocations
 A - a manual of Short Blades
Comestibles
 c - 18 rations


   Skills:
 * Level 6.5 Fighting
 + Level 1.0(4.3) Short Blades
 + Level 6.7 Long Blades
 + Level 0.9 Polearms
 + Level 0.3 Throwing
 + Level 4.7 Dodging
 + Level 6.7 Stealth
 * Level 2.7 Shields
 + Level 0.1 Unarmed Combat
 * Level 7.4 Spellcasting
 * Level 6.8 Conjurations
 + Level 0.5 Hexes
 + Level 2.4 Summonings
 + Level 2.8 Translocations
 + Level 0.8 Air Magic
 + Level 1.0 Poison Magic
 - Level 6.6 Invocations
 + Level 0.9 Evocations


You had 8 spell levels left.
You knew the following spells:

 Your Spells              Type           Power        Failure   Level  Hunger
a - Magic Dart            Conj           ####         2%          1    None
b - Blink                 Tloc           N/A          17%         2    None
c - Call Imp              Summ           ###.....     21%         2    None
d - Mephitic Cloud        Conj/Pois/Air  ###.....     32%         3    None
e - Conjure Flame         Conj/Fire      ###.....     26%         3    None
f - Slow                  Hex            ##......     41%         2    None
g - Dazzling Flash        Conj/Hex       ####..       24%         3    None

Your spell library contained the following spells:

 Spells                   Type           Power        Failure   Level  Hunger
 Searing Ray              Conj           #####.       3%          2    None
 Iskenderun's Mystic Bla  Conj/Tloc      ####....     43%         4    ###....
 Fulminant Prism          Conj/Hex       ####......   61%         4    ###....


Dungeon Overview and Level Annotations

Branches:
Dungeon (10/15)            Temple (1/1) D:5
   Lair: D:8-11         Orc: D:9-12

Altars:
Ashenzari
Cheibriados
Fedhas
Gozag
Hepliaklqana
Kikubaaqudgha
Makhleb
Nemelex Xobeh
Okawaru
Qazlal
Ru
Sif Muna
Trog
Uskayaw
Xom
Yredelemnul
Zin
The Shining One
Lugonu

Shops:
D:4 *   D:6 }


Innate Abilities, Weirdness & Mutations

You cannot wear most types of armour.
You are very stealthy in the water. (Stealth+)
You are amphibious.
You can wear up to eight rings at the same time.
You can use your tentacles to constrict eight enemies at once.
Your skin changes colour to match your surroundings (Stealth+).
Your rubbery body absorbs attacks. (AC +1, EV +1)
One of your tentacles bears a spike.
You have supernaturally acute eyesight. (SInv)
You are clumsy. (Dex -2)


Message History

You hit the black bear but do no damage.
The black bear is lightly wounded.
You constrict the black bear. You constrict the gnoll sergeant.
The black bear bites you. You block the black bear's attack. x2
The gnoll sergeant hits you with a +0 spear!
* * * LOW HITPOINT WARNING * * *
The gnoll hits you from afar with a +0 spear.
* * * LOW HITPOINT WARNING * * *
You hit the gnoll sergeant but do no damage.
You pierce the gnoll sergeant, but do no damage.
The gnoll sergeant is almost dead.
You constrict the black bear. You constrict the gnoll sergeant.
The black bear bites you.
* * * LOW HITPOINT WARNING * * *
You block the black bear's attack. The black bear barely misses you.
The gnoll sergeant hits you with a +0 spear!
* * * LOW HITPOINT WARNING * * *
The gnoll barely misses you.
The gnoll sergeant hits you with a +0 spear!
You die...

...P.. ...P.
.P..P.####P.P..
#.PP.P.PPP.P...
#..P.P..PP...#
#(..P.P.PP..P#
#.P.PgP....#
#..ghPP#
#####)@###
#........####
#........'<.#
#############


You could see a black bear, a gnoll sergeant and a gnoll.

Vanquished Creatures
  Erolcha (D:9)
  Joseph (D:9)
  A centaur skeleton (D:8)
  The ghost of CloudEater the Digger, a novice GrEE of Vehumet (D:6)
  A troll (D:9)
  Grum (D:8)
  A hungry ghost (D:9)
  A water moccasin (D:6)
  A porcupine (D:10)
  2 black bears
  2 orc warriors (D:7)
  An ice beast (D:8)
  2 sky beasts
  A necrophage (D:7)
  8 ogres
  2 phantoms
  A wolf (D:8)
  5 centaurs
  An elf zombie (D:7)
  3 bullfrogs
  5 gnoll sergeants
  A wyvern skeleton (D:9)
  3 scorpions
  4 killer bees (D:5)
  A troll skeleton (D:7)
  A wight (D:7)
  A howler monkey (D:7)
  A crimson imp (D:6)
  13 hounds
  6 orc wizards
  4 human zombies (D:7)
  6 orc priests
  4 gnoll shamans
  2 human skeletons (D:7)
  Ijyb (D:3)
  3 iguanas
  7 worker ants
  A killer bee zombie (D:9)
  A hound zombie (D:5)
  2 hound skeletons
  A mummy (D:7)
  45 gnolls
  7 adders
  2 shadow imps
  2 adder skeletons
  3 worms
  3 dart slugs (D:1)
  7 leopard geckos
  27 orcs
  3 ball pythons
  8 giant cockroaches
  9 goblins
  9 hobgoblins
  12 jackals (D:8)
  7 kobolds
  2 quokkas
  8 bats
  5 frilled lizards
  A leopard gecko zombie (D:8)
  An orc zombie (D:7)
  3 quokka skeletons
  11 rats
280 creatures vanquished.

Vanquished Creatures (collateral kills)
  A killer bee (D:5)
  A jelly (D:6)
  A worker ant (D:6)
  2 gnolls (D:9)
  A dart slug (D:5)
  A leopard gecko (D:6)
7 creatures vanquished.

Vanquished Creatures (others)
  2 gnoll sergeants
  A bat (D:3)
  A frilled lizard (D:3)
4 creatures vanquished.

Grand Total: 291 creatures vanquished

Notes
Turn   | Place    | Note
-------+----------+-------------------------------------------
     0 | D:1      | Conn the Octopode Wizard began the quest for the Orb.
     0 | D:1      | Reached XP level 1. HP: 11/11 MP: 4/4
   347 | D:1      | Reached XP level 2. HP: 17/17 MP: 0/6
  1067 | D:1      | Learned a level 2 spell: Blink
  1070 | D:1      | Learned a level 2 spell: Call Imp
  1188 | D:1      | Reached XP level 3. HP: 21/21 MP: 8/8
  1767 | D:2      | Reached skill level 4 in Spellcasting
  2035 | D:2      | Found a glowing golden altar of the Shining One.
  2046 | D:2      | Reached XP level 4. HP: 20/27 MP: 6/10
  2185 | D:2      | You fall into a shaft and drop 2 floors!
  2214 | D:5      | Entered Level 5 of the Dungeon
  2298 | D:5      | Got a crystal falchion
  2299 | D:5      | Identified the +4 falchion "Gisucy" {elec, Dex+3} (You
                  | found it on level 5 of the Dungeon)
  2366 | D:5      | Learned a level 3 spell: Mephitic Cloud
  2372 | D:5      | Reached XP level 5. HP: 34/34 MP: 4/11
  2391 | D:5      | Reached skill level 1 in Long Blades
  2391 | D:5      | Reached XP level 6. HP: 20/41 MP: 0/12
  2392 | D:5      | Reached skill level 1 in Short Blades
  2715 | D:5      | Found a staircase to the Ecumenical Temple.
  2732 | Temple   | Entered the Ecumenical Temple
  2768 | Temple   | Became a worshipper of Sif Muna the Loreminder
  2993 | D:5      | Found an opulent altar of Gozag.
  3041 | D:5      | Found a blossoming altar of Fedhas.
  3050 | D:5      | Learned a level 3 spell: Conjure Flame
  3068 | D:5      | Learned a level 2 spell: Slow
  3097 | D:5      | Reached XP level 7. HP: 20/45 MP: 10/13
  4030 | D:6      | Found a hazy altar of Hepliaklqana.
  4030 | D:6      | Found a blossoming altar of Fedhas.
  4063 | D:6      | Found a sparkling altar of Nemelex Xobeh.
  4349 | D:6      | Reached skill level 5 in Spellcasting
  4349 | D:6      | Reached XP level 8. HP: 52/52 MP: 2/15
  4644 | D:6      | Identified the cursed +1 scale mail of Dishonesty {rC+ MR+
                  | Str+3 Dex+2}
  4654 | D:6      | Found a transporter.
  4664 | D:6      | Noticed CloudEater's ghost (novice GrEE)
  4678 | D:6      | Found Utuenecvo's Gadget Emporium.
  4744 | D:6      | Found a transporter.
  4797 | D:6      | Reached * piety under Sif Muna
  4800 | D:6      | Killed CloudEater's ghost
  4809 | D:6      | Gained mutation: You are clumsy. (Dex -2) [potion of
                  | mutation]
  4809 | D:6      | Gained mutation: One of your tentacles bears a spike.
                  | [potion of mutation]
  4809 | D:6      | Gained mutation: You have supernaturally acute eyesight.
                  | (SInv) [potion of mutation]
  4829 | D:6      | Got a brightly glowing lead ring
  4830 | D:6      | Identified the ring of Seepteif {+Fly rPois} (You found it
                  | on level 6 of the Dungeon)
  5381 | D:6      | Found a hide-covered altar of Uskayaw.
  5593 | D:4      | Reached skill level 1 in Invocations
  5690 | D:4      | Reached skill level 5 in Stealth
  5811 | D:4      | Reached skill level 6 in Spellcasting
  5811 | D:4      | Reached XP level 9. HP: 58/58 MP: 16/18
  6333 | D:4      | Found Qagevy's General Store.
  6795 | D:3      | Noticed Ijyb
  6805 | D:3      | Killed Ijyb
  6837 | D:3      | Found a snail-covered altar of Cheibriados.
  6870 | D:3      | Reached ** piety under Sif Muna
  7294 | D:3      | Found an iron altar of Okawaru.
  7318 | D:3      | Found a glowing silver altar of Zin.
  8429 | D:2      | Found a sacrificial altar of Ru.
  8851 | D:7      | Reached *** piety under Sif Muna
  8860 | D:7      | Reached skill level 5 in Long Blades
  8878 | D:7      | Reached skill level 5 in Conjurations
  9121 | D:7      | Found an ancient bone altar of Kikubaaqudgha.
  9126 | D:7      | Reached skill level 5 in Invocations
  9417 | D:7      | Reached skill level 5 in Fighting
  9675 | D:7      | Reached XP level 10. HP: 66/66 MP: 19/19
 10170 | D:8      | Reached **** piety under Sif Muna
 10644 | D:4      | Bought a +2 shield of poison resistance for 259 gold pieces
 10898 | D:8      | Noticed Grum
 10905 | D:8      | Killed Grum
 11067 | D:8      | Reached skill level 1 in Shields
 11476 | D:9      | Noticed Joseph
 11506 | D:9      | Killed Joseph
 11651 | D:9      | Reached skill level 7 in Spellcasting
 11950 | D:9      | Noticed Erolcha
 12339 | D:9      | Found a burning altar of Makhleb.
 12354 | D:9      | Learned a level 3 spell: Dazzling Flash
 12405 | D:9      | Killed Erolcha
 12405 | D:9      | Reached skill level 1 in Poison Magic
 12405 | D:9      | Reached XP level 11. HP: 57/74 MP: 14/22
 12620 | D:9      | Found an iron altar of Okawaru.
 12858 | D:10     | Entered Level 10 of the Dungeon
 12866 | D:10     | Reached ***** piety under Sif Muna
 12891 | D:10     | Slain by a gnoll sergeant

Levels and vault maps discovered:
D:1:      dpeg_arrival_snail, layout_basic
D:2:      layout_basic, lemuel_coloured_pillars_altar, overflow_temple_1_default
D:3:      layout_basic, lemuel_doored_altar, old_standard_altar,
          okawaru_metal_pillars_1_2, uniq_ijyb
D:4:      layout_layer_cave, first_ration, serial_shops,
          nicolae_shop_competitors_out_of_business, minmay_manual_macuahuitl
D:5:      layout_basic, nicolae_gozag_seed_capital, minmay_temple_entry_trees,
          kennysheep_donut, grunt_ministairs_3, fedhas_bush_and_centaur_altar
D:6:      layout_layer_cave, lemuel_round_altar,
          gammafunk_temple_overflow_forgotten, serial_shops,
          nicolae_shop_waterfront, gammafunk_ghost_gnarly_gnolls
D:7:      layout_rooms, lemuel_mausoleum_altar_kikubaaqudgha
D:8:      layout_cave_pools, serial_gnoll_camp, gnoll_camp_medium_02,
          gnoll_camp_mini_doghouse, gnoll_camp_mini_house,
          gnoll_camp_huts_basic, grums_kennel, gnoll_camp_mini_doghouse
D:9:      layout_loops_cross, kennysheep_mini, nicolae_overflow_hidden_temple,
          uniq_joseph, uniq_erolcha
D:10:     layout_roguey, grunt_lair_entry_orc_guard_hut, erik_orc_3, uniq_harold
Temple:   kb_corrupted_temple

Skill      XL: |  1  2  3  4  5  6  7  8  9 10 |
---------------+-------------------------------+-----
Stealth        | 3 4 5 6 |  6.7
Spellcasting   | 4 5 6 7 |  7.4
Fighting       | 2 3 4 5 6 |  6.5
Long Blades    | 1 2 3 5 6 |  6.7
Short Blades   | 1 |  1.0
Conjurations   | 2 4 5 6 |  6.8
Translocations | 2 |  2.8
Summonings     | 2 |  2.4
Dodging        | 3 4 |  4.7
Invocations    | 3 5 6 |  6.6
Shields        | 2 |  2.7
Poison Magic   | 1 |  1.0
Polearms       | |  0.9
Throwing       | |  0.3
Unarmed Combat | |  0.1
Hexes          | |  0.5
Air Magic      | |  0.8
Evocations     | |  0.9

Action                   |  1- 3 |  4- 6 |  7- 9 | 10-12 || total
-------------------------+-------+-------+-------+-------++-------
Melee: Unarmed           |    14 |       |       |       ||    14
       Constrict         |    12 |     8 |    56 |    58 ||   134
       Tentacles         |     4 |     3 |    21 |    29 ||    57
       Short sword       |    28 |     6 |       |       ||    34
       Falchion          |       |    24 |   236 |   220 ||   480
       Kick              |       |       |    41 |    44 ||    85
       Spear             |       |       |       |    36 ||    36
Throw: Dart              |       |     4 |       |       ||     4
 Cast: Magic Dart        |    55 |    22 |    39 |    18 ||   134
       Mephitic Cloud    |       |     1 |    20 |     6 ||    27
       Call Imp          |       |     2 |    12 |     1 ||    15
       Slow              |       |       |     3 |       ||     3
       Blink             |       |       |     3 |       ||     3
Evoke: Wand              |       |     1 |     7 |     4 ||    12
  Use: Scroll            |     4 |     2 |     2 |     4 ||    12
       Potion            |       |     4 |     4 |     5 ||    13
 Stab: Sleeping          |     5 |     5 |    20 |     3 ||    33
       Confused          |       |     1 |     7 |     2 ||    10
       Distracted        |       |       |       |     3 ||     3
  Eat: Chunk             |     3 |     4 |    18 |    11 ||    36
       Ration            |       |       |     1 |       ||     1
Armor: Skin              |     5 |     1 |    39 |    86 ||   131
Dodge: Dodged            |    38 |    25 |   154 |   174 ||   391
Block: Shield            |       |       |       |    97 ||    97
       Rpst.: Falchion   |       |     7 |    55 |    33 ||    95

Table legend:
 A = Non-vault XP
 B = Vault XP
 C = Vault XP percentage of total XP
 D = Non-vault monster count
 E = Vault monster count
 F = Vault count percentage of total count
                 A         B        C        D         E       F
            +---------+---------+-------+---------+---------+-------
      Total |    5405 |    4867 |  47.4 |     197 |      92 |  31.8
            +---------+---------+-------+---------+---------+-------
        D:1 |      40 |       0 |   0.0 |      21 |       0 |   0.0
        D:2 |      67 |       0 |   0.0 |      20 |       0 |   0.0
        D:3 |     246 |      36 |  12.8 |      32 |       1 |   3.0
        D:4 |     585 |     121 |  17.1 |      20 |       3 |  13.0
        D:5 |     377 |     325 |  46.3 |      10 |       7 |  41.2
        D:6 |     696 |     567 |  44.9 |      20 |      11 |  35.5
        D:7 |    1225 |     597 |  32.8 |      26 |      12 |  31.6
        D:8 |     907 |    1402 |  60.7 |      23 |      52 |  69.3
        D:9 |    1233 |    1368 |  52.6 |      23 |       2 |   8.0
       D:10 |      29 |     451 |  94.0 |       2 |       4 |  66.7
            +---------+---------+-------+---------+---------+-------
